 Dungeon Crawl Stone Soup version 0.24.0-13-gcf9b3192b9 (webtiles) character file.

Game seed: 17458121007580117992, levelgen mode: deterministic

49 Esekla the Conjurer (level 3, -2/26 HPs)
             Began as a Barachi Conjurer on Nov 10, 2019.
             Slain by a gnoll
             ... wielding a +0 club
              (5 damage)
             ... on level 1 of the Dungeon.
             The game lasted 00:13:22 (1823 turns).

Esekla the Conjurer (Barachi Conjurer)              Turns: 1823, Time: 00:13:22

Health: -2/26      AC:  2    Str:  9    XL:     3   Next: 75%
Magic:  2/7        EV: 12    Int: 16    God:
Gold:   28         SH:  0    Dex: 12    Spells: 1/7 levels left

rFire    . . .     SeeInvis .   d - +0 dagger
rCold    . . .     Gourm    .   (no shield)
rNeg     . . .     Faith    .   a - +0 robe
rPois    .         Spirit   .   (no helmet)
rElec    .         Reflect  .   (no cloak)
rCorr    .         Harm     .   (no gloves)
MR       .....                  (no boots)
Stlth    ++........             (no amulet)
HPRegen  0.08/turn              (no ring)
MPRegen  0.10/turn              (no ring)

@: slow
A: +LOS, swims, slowness 1, strong legs 1
a: Hop


You were on level 1 of the Dungeon.
You were not hungry.

You visited 1 branch of the dungeon, and saw 3 of its levels.

You collected 28 gold pieces.

Inventory:

Hand Weapons
 d - a +0 dagger (weapon)
Missiles
 e - 6 poisoned darts (quivered)
Armour
 a - a +0 robe (worn)
Scrolls
 b - 3 scrolls of remove curse {unknown}
Potions
 f - a potion of cancellation {unknown}
Comestibles
 c - 3 rations


   Skills:
 * Level 1.5 Fighting
 + Level 0.3 Short Blades
 + Level 2.3 Dodging
 + Level 2.0 Stealth
 * Level 2.7 Spellcasting
 + Level 4.8 Conjurations
 * Level 0.7 Hexes


You had one spell level left.
You knew the following spells:

 Your Spells              Type           Power        Failure   Level  Hunger
a - Magic Dart            Conj           ###.         2%          1    #......
d - Dazzling Spray        Conj/Hex       ##....       19%         3    ###....
e - Searing Ray           Conj           ###...       4%          2    ##.....

Your spell library contained the following spells:

 Spells                   Type           Power        Failure   Level  Hunger
 Iskenderun's Mystic Bla  Conj           ###.....     26%         4    #####..
 Fulminant Prism          Conj/Hex       ##........   52%         4    #####..
 Force Lance              Conj/Tloc      #.......     56%         4    #####..


Dungeon Overview and Level Annotations

Branches:
Dungeon (3/15)

Altars:


Innate Abilities, Weirdness & Mutations

Shadows flee at your approach. (+LOS)
You can swim through water.
You cover ground slowly.
You can hop short distances.


Message History

The spray of energy hits the gnoll.
The gnoll is moderately wounded.
The gnoll is dazzled.
The gnoll shouts!
The gnoll shouts!
The gnoll is no longer blind.
The gnoll hits you with a +0 club!
* * * LOW HITPOINT WARNING * * *
There is a stone staircase leading up here.
You climb upwards.
There is a stone staircase leading down here.
Casting: Dazzling Spray (safe; 19% risk of failure)
Confirm with . or Enter, or press ? or * to list all spells.
Aiming: Dazzling Spray (safe; 19% risk of failure)
Press: ? - help, Shift-Dir - straight line, f - gnoll
Aim: a gnoll, wielding a +0 club The spray of energy hits the gnoll.
The gnoll is heavily wounded.
The gnoll is dazzled.
The gnoll hits you with a +0 club.
You die...

####### ##############
#.....# #............#
#.###.# #............# #
#.# #.#
#####............### #.#
#.###..@+............'.'
#.#
#...#.#g#........†...###
#.#####.#...#............#
#
#.#.........#............#
#
#.##.##........÷.........#
#
#.##.#####...#############
# #....# #...#### ######
#......######
#...........# ####


You could see a gnoll (blind).

Vanquished Creatures
  An adder (D:2)
  2 oozes (D:1)
  A worm (D:2)
  2 leopard geckos (D:2)
  A giant cockroach (D:2)
  4 goblins
  3 hobgoblins (D:1)
  5 bats
  3 frilled lizards
  3 kobolds (D:1)
  5 rats
30 creatures vanquished.

Notes
Turn   | Place    | Note
-------+----------+-------------------------------------------
     0 | D:1      | Esekla the Barachi Conjurer began the quest for the Orb.
     0 | D:1      | Reached XP level 1. HP: 13/13 MP: 3/3
   613 | D:1      | Reached skill level 1 in Fighting
   661 | D:1      | Reached XP level 2. HP: 21/21 MP: 0/5
   665 | D:1      | Learned a level 2 spell: Searing Ray
   798 | D:3      | Noticed a gnoll sergeant
  1046 | D:1      | Reached XP level 3. HP: 11/26 MP: 1/6
  1061 | D:1      | Learned a level 3 spell: Dazzling Spray
  1823 | D:1      | Slain by a gnoll

Levels and vault maps discovered:
D:1:      dpeg_arrival_concentric_ovals, layout_basic
D:2:      layout_basic
D:3:      layout_basic, nicolae_gozag_seed_capital

Skill      XL: |  1  2  3 |
---------------+----------+-----
Fighting       | 1 |  1.5
Stealth        | 2 |  2.0
Short Blades   | |  0.3
Dodging        | |  2.3
Spellcasting   | |  2.7
Conjurations   | |  4.8
Hexes          | |  0.7

Action                   || total
-------------------------++-------
Melee: Dagger            ||    35
       Unarmed           ||     2
 Cast: Magic Dart        ||    35
       Searing Ray       ||     6
       Dazzling Spray    ||     2
 Abil: Hop               ||     1
 Stab: Sleeping          ||     8
  Eat: Chunk             ||     4
Armor: Robe              ||     9
Dodge: Dodged            ||    49
